Kradschützen Motorcycle Team
Construct Light Support Kompanie
Selects Battlefield Espionage Battlegroup
Selects Intel Disruption Beacon
Selects 250/3 Funkpanzerwagen
le.IG 18 Support Gun Team
Pak 38 Anti-tank Gun Team
Construct Panzerarmee Kommand
Selects Anti-Tank Incendiary Munitions
Construct Mechanized Kompanie
Construct Mechanized Kompanie
18-tonne Recovery Half-track
Pak 38 Anti-tank Gun Team
Pak 38 Anti-tank Gun Team
Selects Operation Skorpion
Flak 36 Anti-tank Gun Team
Flak 36 Anti-tank Gun Team
Pak 38 Anti-tank Gun Team